[Event "Late-Titled-Tuesday-Blitz-January-16-2024"]
[Site "Chess.com"]
[Date "2024.01.16"]
[Round "6"]
[White "Atousa"]
[Black "laskakid"]
[Result "1-0"]
[WhiteElo "2465"]
[BlackElo "2310"]
[TimeControl "180+1"]
[EndTime "15:04:34 PST"]
[Termination "Atousa won on time"]

1. d4 d5 2. c4 e6 3. Nc3 c6 4. Nf3 dxc4 5. e3 b5 6. a4 Bb4 7. Ne5 Qb6 8. axb5 cxb5 9. Qf3 Qb7 10. Bd2 Qxf3 11. Nxf3 Bd7 12. Ne5 Bxc3 13. Bxc3 Ne7 14.
Bb4 Nec6 15. Bd6 Nxe5 16. Bxe5 Nc6 17. Bxg7 Rg8 18. Bf6 Nb4 19. Kd2 Nd5 20. Be5 Bc6 21.
f3 a5 22. e4 Nb4 23. Kc3 Kd7 24. Bg3 f5 25. exf5 exf5 26. Be2 Nd5+ 27. Kd2 a4 28. Rhg1 Rae8 29. Be5 Nb6 30. g4 fxg4 31.
fxg4 Bd5 32. g5 b4 33. h4 a3 34.
bxa3 b3 35. a4 Rc8 36. Kc3 Ra8 37. a5 Nc8 38. Bxc4 Ne7 39. Bxd5 Nxd5+ 40. Kxb3 Rgb8+ 41. Bxb8 Rxb8+ 42. Kc4 Ne3+ 43. Kd3 Nd5 44. Ke4 Nc3+ 45. Kd3 Nd5 46. Rab1 Nb4+ 47. Rxb4 Rxb4 48. Ra1 Rb7 49. a6 Ra7 50. Ke4 Kd6 51. Kf5 Kd5 52. Ra4 Kd6 53. h5 Kd5 54. g6 hxg6+ 55. hxg6 Kd6 56.
Kf6 Kd5 57. g7 1-0

[Event "Late-Titled-Tuesday-Blitz-January-16-2024"]
[Site "Chess.com"]
[Date "2024.01.16"]
[Round "6"]
[White "Igor_Lysyj"]
[Black "karinachess1"]
[Result "1-0"]
[WhiteElo "2863"]
[BlackElo "2628"]
[TimeControl "180+1"]
[EndTime "15:04:36 PST"]
[Termination "Igor_Lysyj won by resignation"]

1. d4 Nf6 2. c4 e6 3. Nf3 d5 4. g3 dxc4 5. Bg2 Nc6 6. Qa4 Bb4+ 7. Bd2 Bd6 8. Na3 Bxa3 9. Qxa3 Qd6 10. Rc1 O-O 11.
Rxc4 Qxa3 12. bxa3 Nd5 13. O-O Bd7 14. e3 Rfc8 15. Rb1 Rab8 16. Ne1 Nb6 17. Rc5 Na4 18.
Rcc1 e5 19. dxe5 Re8 20. f4 f6 21. exf6 gxf6 22. Kf2 Bf5 23. Rb5 Bd7 24. Rb3 Be6 25.
Rd3 Bxa2 26. Bxc6 bxc6 27. Rxc6 Re7 28. Bb4 Rf7 29. Nf3 Nb6 30. Rd4 Bd5 31. Rxb6 cxb6 32. Rxd5 a5 33. Bd2 Rc8 34. Nd4 Rfc7 35. Rd6 b5 36.
Bxa5 Ra7 37. Bb4 Rb7 38. Rxf6 Rc1 39. Rc6 Rh1 40. Kg2 Rb1 41. Nf5 h5 42. Rg6+ Kh7 43. Rg5 Rb2+ 44. Kh3 Rc7 45. Rxh5+ Kg6 46. Rg5+ Kf6 47. e4 Rcc2 48. e5+ Kf7 49. Rg7+ Ke8 50. Nd6+ Kf8 51. Rf7+ Kg8 52. Kg4 Rxh2 53. e6 Rbe2 54.
e7 Rh6 55. Rf8+ Kg7 56. Nf5+ 1-0

[Event "Late-Titled-Tuesday-Blitz-January-16-2024"]
[Site "Chess.com"]
[Date "2024.01.16"]
[Round "6"]
[White "carloseduar100"]
[Black "santosalberto1987"]
[Result "1-0"]
[WhiteElo "2302"]
[BlackElo "2487"]
[TimeControl "180+1"]
[EndTime "15:04:38 PST"]
[Termination "carloseduar100 won by resignation"]

1. d4 Nf6 2. Bg5 Ne4 3. h4 c5 4. d5 g6 5. Nd2 Nxg5 6. hxg5 Bg7 7. c3 d6 8. Ngf3 Bg4 9. e4 h5 10. gxh6 Rxh6 11. Rxh6 Bxh6 12. Be2 Nd7 13. Qb3 Qb6 14. Qxb6 Nxb6 15. O-O-O Bxf3 16. gxf3 Kf8 17. Kc2 Bxd2 18. Kxd2 Kg7 19. b3 Rh8 20. a4 Nd7 21. Ke3 Rh3 22.
Rb1 f6 23. b4 b6 24. a5 g5 25. a6 Kf7 26. bxc5 Nxc5 27. Kd4 Rh8 28. Bb5 Rh2 29.
Ke3 Rh3 30. Rg1 Rh8 31. Ra1 Rc8 32. Bc6 Rc7 33. Ra3 Nd7 34. Bxd7 Rxd7 35. c4 Rc7 36. Kd4 Rc5 37. Ra2 Ke8 38. Ra1 Kd7 39. Kc3 b5 40. Kb4 bxc4 41. Kc3 Rb5 42. Kxc4 Rb2 43. Ra3 Ke8 44.
Rb3 Rxf2 45. Rb7 Rxf3 46. Rxa7 Ra3 47. Kb5 Kf7 48. Rc7 f5 49. exf5 Kf6 50. a7 g4 51.
Kb6 g3 52. Rc8 Kxf5 53. a8=Q Rxa8 54. Rxa8 Ke4 55. Kc6 Ke5 56. Re8 Kf6 57. Rg8 e6 58. Kxd6 1-0

[Event "Late-Titled-Tuesday-Blitz-January-16-2024"]
[Site "Chess.com"]
[Date "2024.01.16"]
[Round "6"]
[White "EcosseKillie"]
[Black "Road2GM3000"]
[Result "1-0"]
[WhiteElo "2278"]
[BlackElo "2470"]
[TimeControl "180+1"]
[EndTime "15:04:38 PST"]
[Termination "EcosseKillie won by resignation"]

1. d4 d5 2. Bg5 c6 3. Nf3 Qb6 4.
b3 Nf6 5. e3 Ne4 6. Bf4 Bf5 7.
Bd3 e6 8. O-O Nd7 9. c4 Ndf6 10.
Ne5 Be7 11. c5 Qd8 12. f3 Nxc5 13. dxc5 Bxd3 14. Nxd3 Bxc5 15. Nxc5 b6 16. Nd3 O-O 17. Nd2 c5 18. e4 d4 19. b4 Rc8 20. bxc5 bxc5 21. Rc1 Qa5 22. Qc2 Nd7 23. Bd6 Rfd8 24.
Nxc5 Qb6 25. Nc4 Qc6 26. Nxd7 Rxd7 27. Bg3 Qc5 28. Bf2 Rdc7 29. Qd3 e5 30. Bg3 f6 31. Nd2 Qxc1 32. Rxc1 Rxc1+ 33. Kf2 R1c2 34. Ke2 Kh8 35. f4 exf4 36. Bxf4 Rxa2 37. Qb3 Rac2 38. e5 R2c3 39. Qe6 R3c6 40. Qd5 Rc5 41. Qxd4 R5c6 42. exf6 Rxf6 43. Be5 Re8 44. Nf3 Rf7 45. Kf2 h6 46. g3 Ref8 47. Kg2 Kg8 48. Nh4 a5 49. Kh3 Re8 50. Qd5 Re7 51. Nf5 Rd7 52. Qa2 Kh7 53. Nxg7 Rd5 54. Qc2+ Kg8 55. Ba1 Rh5+ 56. Kg2 Rd5 57.
Qc4 Rfd7 58. Nh5 Kh7 59. Nf6+ Kg6 60. Nxd5 Rc7 61. Qd4 Rc3 62. Qxc3 1-0

[Event "Late-Titled-Tuesday-Blitz-January-16-2024"]
[Site "Chess.com"]
[Date "2024.01.16"]
[Round "6"]
[White "Javylavilla"]
[Black "pooh2012"]
[Result "0-1"]
[WhiteElo "2359"]
[BlackElo "2547"]
[TimeControl "180+1"]
[EndTime "15:04:39 PST"]
[Termination "pooh2012 won by resignation"]

1. e4 e6 2. d4 a6 3. c4 d5 4. exd5 exd5 5. Nc3 Nf6 6. Nf3 Be7 7. Bd3 dxc4 8. Bxc4 O-O 9. h3 b5 10. Bd3 Bb7 11. O-O Nbd7 12. Bc2 b4 13. Na4 a5 14. Bf4 Nb6 15. Nc5 Bxf3 16. Qxf3 Qxd4 17. Ne4 Qxb2 18. Nxf6+ Bxf6 19. Be4 Rae8 20. Bxc7 Nc4 21. Rad1 Nd2 22.
Rxd2 Qxd2 23. Qf5 Qh6 24. Bb1 Bg5 25. Bxa5 g6 26. Qf3 Bd2 27. Bb6 Re6 28. Bd4 Rd8 29. Bb2 Qf4 30. Qb3 Rc8 31. a4 Bc3 32. Bc1 Qd6 33. a5 Qa6 34. Be3 Qxa5 35. Ba2 Qc7 36. Qd1 Ra6 37. Bb3 Rd6 38. Qf3 Rf6 39. Qe4 Kg7 40.
Bg5 Rf5 41. g4 Rxg5 42. f4 Rc5 43. f5 Qe5 44. Qxe5+ Rxe5 45. fxg6 fxg6 46. Rf7+ Kh6 47. Kg2 Rec5 48. h4 Bd2 49. Kg3 Be3 50. g5+ Bxg5 51.
hxg5+ Rxg5+ 52. Kf4 Rf5+ 53. Rxf5 gxf5 54. Kxf5 Rc3 55. Be6 b3 0-1

[Event "Late-Titled-Tuesday-Blitz-January-16-2024"]
[Site "Chess.com"]
[Date "2024.01.16"]
[Round "6"]
[White "ATM622"]
[Black "NMJeevanK"]
[Result "0-1"]
[WhiteElo "2479"]
[BlackElo "2583"]
[TimeControl "180+1"]
[EndTime "15:04:40 PST"]
[Termination "NMJeevanK won on time"]

1. d4 Nf6 2. c4 e6 3. g3 d5 4. Bg2 b6 5. Nf3 Bb7 6. Nbd2 Be7 7. O-O O-O 8. Qc2 c5 9. dxc5 bxc5 10. b3 d4 11. Bb2 Nc6 12. a3 Rb8 13. Rfd1 e5 14. Ng5 h6 15. Nge4 Nxe4 16. Bxe4 Qd7 17. Bf5 Qc7 18.
Rac1 Na5 19. Be4 Bxe4 20. Qxe4 Nxb3 21. Rc2 Nxd2 22. Rcxd2 Bg5 23. e3 Rb3 24. h4 dxe3 25. Rd7 exf2+ 26. Kf1 Qb6 27. Bxe5 Re3 28. Qd5 Bf6 29.
Bf4 Re1+ 30. Rxe1 fxe1=Q+ 31. Kxe1 Qb1+ 32. Qd1 Re8+ 33. Kf1 Qf5 34. Kg2 Bd4 35. Rd5 Qe4+ 36. Kh2 Qg6 37. Rd6 Qf5 38. Rd5 Qc8 39. Qf3 Qa6 40. Rd7 Qxc4 41. Bxh6 Re2+ 42. Kh1 Re1+ 43. Kh2 Qe2+ 44. Qxe2 Rxe2+ 45. Kh3 gxh6 46. Rxa7 Kg7 47. a4 Ra2 48. a5 c4 49. Rd7 Bf6 50. Rc7 c3 51. Rc5 c2 52. a6 Bd4 53. Rc4 Be3 54. a7 c1=Q 55. a8=Q Rxa8 0-1

[Event "Late-Titled-Tuesday-Blitz-January-16-2024"]
[Site "Chess.com"]
[Date "2024.01.16"]
[Round "6"]
[White "diamonds13"]
[Black "mortngabriel"]
[Result "1-0"]
[WhiteElo "2364"]
[BlackElo "2510"]
[TimeControl "180+1"]
[EndTime "15:04:40 PST"]
[Termination "diamonds13 won on time"]

1. d4 Nf6 2. c4 e6 3. Nc3 d5 4.
cxd5 exd5 5. Bg5 Bb4 6. e3 h6 7. Bh4 g5 8. Bg3 Ne4 9. Qc2 h5 10. Bd3 h4 11. Be5 f6 12. f3 Nxc3 13. bxc3 Ba5 14. f4 fxe5 15. Bg6+ Kf8 16. fxe5 Kg7 17. h3 Nc6 18. Ne2 Ne7 19. Bd3 Rf8 20. g3 hxg3 21. Nxg3 Qe8 22. O-O-O c5 23. h4 g4 24. h5 c4 25. Bg6 Qb5 26. h6+ Kh8 27. Rdf1 Be6 28. Nh5 Bxc3 29. Ng7 Bd7 30. Bf7 Bb4 31. Ne6 Bxe6 32.
Bxe6 Ba3+ 33. Kd1 Qb2 34. Qxb2 Bxb2 35. Bxg4 Nc6 36. Be6 Ne7 37. Rf6 Ba3 38. Rhf1 Rxf6 39. exf6 Ng6 40. Bxd5 Kh7 41. Be4 Kxh6 42. Rh1+ Kg5 43.
Rg1+ Kxf6 44. Rxg6+ Kf7 45. Rh6 Rb8 46. Bd5+ Ke7 47.
Bxc4 Bd6 48. e4 Kd7 49. e5 Bf8 50. Rh7+ Kc6 51. Bb3 b5 52. Kc2 a5 53. a3 Bxa3 54.
Rh6+ Kc7 55. Bd5 a4 56. Rc6+ Kd7 57. e6+ Ke7 58. Rc7+ Ke8 59. Bc6+ Kf8 60. Rf7+ Kg8 61. d5 Bd6 62. Rd7 Bc5 63. d6 Re8 64. Bd5 Rb8 65.
e7+ Kh8 66. Rd8+ 1-0

[Event "Late-Titled-Tuesday-Blitz-January-16-2024"]
[Site "Chess.com"]
[Date "2024.01.16"]
[Round "6"]
[White "ChessRook_E"]
[Black "ural58"]
[Result "1-0"]
[WhiteElo "2208"]
[BlackElo "2445"]
[TimeControl "180+1"]
[EndTime "15:04:40 PST"]
[Termination "ChessRook_E won on time"]

1. d4 d5 2. c4 e5 3. dxe5 d4 4. Nf3 Nc6 5. e3 Bb4+ 6. Bd2 dxe3 7. fxe3 Bxd2+ 8. Nbxd2 Nge7 9. Be2 Ng6 10. Qa4 O-O 11.
O-O Ncxe5 12. Qc2 Ng4 13. Qc3 Re8 14. e4 c6 15. h3 N4e5 16. Nxe5 Nxe5 17. Nf3 Qb6+ 18. c5 Qc7 19. Rad1 Nxf3+ 20. Bxf3 Be6 21. Rd6 b6 22. Rfd1 bxc5 23. Qxc5 Bxa2 24. Rxc6 Qg3 25. Qd6 Qxd6 26. Rcxd6 Be6 27. R1d2 h6 28. Ra6 Re7 29. Rad6 Rb8 30. Kh2 g5 31. e5 Kg7 32. Kg3 Rc7 33. h4 Rb5 34. hxg5 hxg5 35. Bd5 Bxd5 36.
R6xd5 Rxd5 37. Rxd5 Rb7 38. Rd2 Rb4 39. Re2 a5 40. Kf3 Kg6 41. g4 Rf4+ 42. Kg3 Rb4 43. Kf3 a4 44. Kg3 Rb3+ 45. Kg2 Kg7 46. Rd2 Re3 47. Rd4 Rxe5 48. Rxa4 Re2+ 49. Kf3 Rxb2 50. Ra5 f6 51. Ra7+ Kg6 52. Ra6 Rb3+ 53. Kg2 Rb4 54.
Kg3 1-0

[Event "Late-Titled-Tuesday-Blitz-January-16-2024"]
[Site "Chess.com"]
[Date "2024.01.16"]
[Round "6"]
[White "tptagain"]
[Black "DavidGavrilescu18"]
[Result "0-1"]
[WhiteElo "2951"]
[BlackElo "2795"]
[TimeControl "180+1"]
[EndTime "15:04:41 PST"]
[Termination "DavidGavrilescu18 won by checkmate"]

1. Nf3 d5 2. d4 Nf6 3. e3 c5 4. Be2 cxd4 5. exd4 Nc6 6. O-O Bg4 7. h3 Bh5 8. c3 e6 9. Bf4 Bd6 10. Bxd6 Qxd6 11. Nbd2 Nd7 12. a4 O-O 13. Re1 Rfe8 14. Qb3 Rab8 15. Bb5 a6 16. Bd3 e5 17. dxe5 Ndxe5 18. Nxe5 Nxe5 19. Bf1 d4 20. Ne4 Qd8 21. Ng3 Bg6 22.
Rad1 d3 23. Re3 Qf6 24. Qb4 h5 25. Ne4 Qf4 26. Nc5 Qxb4 27. cxb4 Nc4 28. Rxe8+ Rxe8 29. b3 Ne5 30. Nxb7 Rb8 31. Nc5 Rxb4 32. Bxd3 Nxd3 33. Nxd3 Rd4 34. Nb2 Rxd1+ 35. Nxd1 Bc2 36. Nc3 Bxb3 37. a5 Kf8 38. Ne4 Ke7 39. f4 Bd5 40. Nc5 Bc4 41. Kf2 Kd6 42. Ne4+ Kc6 43. Ke3 Bd5 44. g4 hxg4 45. hxg4 Bxe4 46. Kxe4 Kb5 47. Kd5 Kxa5 48. Kd6 Kb4 49. Ke7 a5 50. Kxf7 a4 51. Kxg7 a3 52. f5 a2 53. f6 a1=Q 54. g5 Kc5 55. g6 Kd6 56. Kf7 Qa7+ 57. Kg8 Qb8+ 58. Kg7 Ke6 59. f7 Ke7 60. Kh7 Qf8 61. g7 Qxf7 62.
Kh8 Qf6 63. Kh7 Qh4+ 64. Kg6 Qg4+ 65. Kh7 Qh5+ 66. Kg8 Kf6 67. Kf8 Qf7# 0-1

[Event "Late-Titled-Tuesday-Blitz-January-16-2024"]
[Site "Chess.com"]
[Date "2024.01.16"]
[Round "6"]
[White "GHANDEEVAM2003"]
[Black "mishanick"]
[Result "0-1"]
[WhiteElo "3008"]
[BlackElo "3098"]
[TimeControl "180+1"]
[EndTime "15:04:43 PST"]
[Termination "mishanick won by checkmate"]

1. c4 e6 2. Nf3 d5 3. e3 Nf6 4. b3 b6 5. Bb2 Bb7 6. Nc3 Be7 7. cxd5 exd5 8. Ne2 Nbd7 9. g3 Nc5 10. Nf4 O-O 11. Bg2 Ba6 12. d3 Bd6 13. b4 Ne6 14. Qb3 Nxf4 15.
gxf4 c5 16. Ne5 cxb4 17. Nc6 Qd7 18. Bxf6 Qxc6 19. Bxd5 Qd7 20. Rg1 g6 21. Bxa8 Rxa8 22. Qd5 Bb7 23. Qg5 Rc8 24. Bd4 b3 25. a3 Bc5 26. Bb2 Be7 27. Qe5 f6 28. Qd4 Qh3 29.
Rf1 Rc2 30. Rc1 Bg2 31. Rxc2 bxc2 32. Qc4+ Kf8 33. Rg1 Qxh2 34. Rxg2 Qh1+ 35. Kd2 Qxg2 36. Qc8+ Kg7 37. Kxc2 Qxf2+ 38. Kb3 Qxe3 39. Qc4 h5 40. Bd4 Qe2 41. a4 h4 42. f5 gxf5 43. Bc3 h3 44. Qc7 h2 45. Qg3+ Kf7 46. Qh4 Qd1+ 47. Kb2 h1=Q 48. Qc4+ Kg7 49. Qc7 Qb1# 0-1

[Event "Late-Titled-Tuesday-Blitz-January-16-2024"]
[Site "Chess.com"]
[Date "2024.01.16"]
[Round "6"]
[White "sergoy"]
[Black "Bryanl106"]
[Result "1-0"]
[WhiteElo "2997"]
[BlackElo "2594"]
[TimeControl "180+1"]
[EndTime "15:04:43 PST"]
[Termination "sergoy won on time"]

1. d4 Nf6 2. c4 g6 3. Nf3 Bg7 4. Nc3 O-O 5. e4 d6 6. Be2 e5 7. O-O Nc6 8. d5 Ne7 9. b4 Ne8 10. Re1 f5 11. Ng5 h6 12. Ne6 Bxe6 13. dxe6 c6 14.
b5 Nc7 15. Ba3 c5 16. Bf3 Nxe6 17. exf5 gxf5 18. Bxb7 Rb8 19. Bd5 Nxd5 20. Nxd5 e4 21. Rb1 Qg5 22. Bc1 Qh4 23. g3 Qh3 24. Nf4 Nxf4 25. Bxf4 Rbd8 26. Qd5+ Kh8 27. a4 h5 28.
a5 h4 29. b6 axb6 30. axb6 Bd4 31. Qe6 hxg3 32. hxg3 Rg8 33. Re3 Bxe3 34. Bxe3 Rxg3+ 35. fxg3 Qxg3+ 36. Kf1 Qf3+ 37. Bf2 Qd3+ 38. Kg2 Qf3+ 39. Kf1 Qh1+ 40. Ke2 Qf3+ 41. Ke1 Qc3+ 42. Kf1 Qd3+ 43. Kg1 Qxb1+ 44. Kh2 Qxb6 45. Qf6+ Kg8 46. Qg6+ Kf8 47. Qxf5+ Kg8 48. Qe6+ Kf8 49. Be3 Qb2+ 50. Kh3 Qh8+ 51. Bh6+ Qxh6+ 52. Qxh6+ Ke7 53. Qh7+ Ke8 54. Qxe4+ Kd7 55.
Qb7+ Ke6 56. Kg4 Rg8+ 57. Kf4 Rf8+ 58. Ke4 Rh8 59. Qg7 Rh4+ 60. Kd3 Rd4+ 61. Kc3 Kf5 62. Qf7+ Ke5 63. Qe7+ Kf5 64. Kb3 Kf4 65. Qe6 Kf3 66. Qe1 1-0

[Event "Late-Titled-Tuesday-Blitz-January-16-2024"]
[Site "Chess.com"]
[Date "2024.01.16"]
[Round "6"]
[White "K_A_S_T_O_R"]
[Black "GMKrikor"]
[Result "0-1"]
[WhiteElo "2903"]
[BlackElo "2734"]
[TimeControl "180+1"]
[EndTime "15:04:44 PST"]
[Termination "GMKrikor won by resignation"]

1. e4 e6 2. d4 d5 3. Nc3 Nf6 4. e5 Nfd7 5. Nce2 c5 6. c3 Nc6 7. f4 Be7 8. Nf3 O-O 9. a3 a5 10.
h4 f6 11. a4 b6 12. Neg1 cxd4 13. cxd4 Ba6 14. Bxa6 Rxa6 15. Bd2 Ra8 16. Bc3 Qe8 17.
Qd3 Rc8 18. Ne2 Nb4 19. Bxb4 Bxb4+ 20. Kf2 fxe5 21. fxe5 Qh5 22. Rac1 Rxc1 23. Nxc1 Nb8 24. Ne2 Nc6 25. g3 Ne7 26. Nf4 Qg4 27. Ng5 Nf5 28.
Ngxe6 Nxg3 29. Qxg3 Qxe6 30. Rg1 g6 31. Ke3 Qf5 32.
Qf3 Qc2 33. Qxd5+ Kh8 34. Rg2 Qc1+ 35. Kd3 Qxf4 36. Kc4 Qf1+ 37. Kb3 Qd1+ 38. Kc4 Qxa4 39. Kd3 Qd1+ 40. Kc4 Qf1+ 41. Kb3 Rc8 42. Rc2 Qd1 43. Qe4 Qxc2+ 44. Qxc2 Rxc2 45. Kxc2 Kg7 46. Kd3 b5 47. Ke4 Kf7 48. Kd5 Be7 49. Kc6 b4 50. d5 Ke8 51. d6 Bxh4 52. e6 Bd8 53. b3 g5 54.
Kb7 g4 55. Kc8 g3 56. e7 Bxe7 57. d7+ Kf7 0-1

[Event "Late-Titled-Tuesday-Blitz-January-16-2024"]
[Site "Chess.com"]
[Date "2024.01.16"]
[Round "6"]
[White "Iuckyducky"]
[Black "ccccvhhhj"]
[Result "1-0"]
[WhiteElo "2352"]
[BlackElo "2505"]
[TimeControl "180+1"]
[EndTime "15:04:44 PST"]
[Termination "Iuckyducky won by checkmate"]

1. e4 e6 2. d4 d5 3. e5 c5 4. c3 Nc6 5. Nf3 Bd7 6. Bd3 Qc7 7. O-O f6 8. Re1 O-O-O 9. Bf4 h6 10. Bg3 f5 11. Nbd2 g5 12. h3 c4 13. Be2 f4 14.
Bh2 Be7 15. b3 Na5 16. bxc4 dxc4 17. Ne4 Bc6 18. Nfd2 Bd5 19. Qa4 Kb8 20. Rab1 h5 21.
Rb5 Nc6 22. Bxc4 Nh6 23. Reb1 b6 24. Nc5 Bxc5 25. dxc5 Kc8 26. cxb6 axb6 27. Rxb6 Nxe5 28. Bxd5 Rxd5 29. Qa8+ Kd7 30. Qxh8 Nf5 31. Rb7 Qxb7 32. Rxb7+ Kd6 33. Qd8+ Kc5 34. Ne4+ Kc4 35. Rc7+ Kd3 36. Qb8 Kxe4 37. Qb1+ Nd3 38. f3+ Ke5 39. h4 Ne3 40. g3 Nc5 41. gxf4+ gxf4 42. Rxc5 Rxc5 43. Qe4+ Kd6 44.
Bxf4+ e5 45. Bxe3 Rd5 46. Kg2 Rd1 47. Kg3 Ke6 48. Qg6+ Kd5 49. Qf7+ Kd6 50. Qf8+ Ke6 51. Qe8+ Kd5 52. Qd7+ Kc4 53. Qxd1 Kb5 54. Qd5+ Ka4 55. Bc1 e4 56. Qb7 Ka5 57. Qb4+ Ka6 58. Be3 exf3 59. Qb6# 1-0

[Event "Late-Titled-Tuesday-Blitz-January-16-2024"]
[Site "Chess.com"]
[Date "2024.01.16"]
[Round "6"]
[White "bazar-wokzal"]
[Black "GianmarcoVaR"]
[Result "0-1"]
[WhiteElo "2565"]
[BlackElo "2739"]
[TimeControl "180+1"]
[EndTime "15:04:48 PST"]
[Termination "GianmarcoVaR won on time"]

1. e4 c6 2. d4 d5 3. f3 e6 4. Nc3 Bb4 5. Bf4 Ne7 6. Qd2 b6 7. h4 Ba6 8. Bxa6 Nxa6 9. h5 h6 10. Nge2 Qd7 11. a3 Bd6 12. e5 Bc7 13. b4 O-O-O 14.
Qd3 Kb7 15. b5 Nb8 16. a4 c5 17. dxc5 bxc5 18. a5 d4 19. Ne4 Qd5 20. b6 axb6 21.
axb6 Bxb6 22. Nd6+ Rxd6 23. exd6 Nec6 24. Qa3 Nb4 25. O-O N8a6 26. Rfb1 e5 27. Bd2 Qxd6 28. Bxb4 Nxb4 29. Rxb4 cxb4 30. Qa6+ Kc7 31. Qc4+ Kb8 32. Kh1 Rc8 33. Qxf7 Qc7 34. Qf5 Qd6 35. Ng3 Rc7 36. Ne4 Qd8 37. g3 d3 38. cxd3 Qd4 39. Qf8+ Rc8 40. Ra8+ Kxa8 41. Qxc8+ Ka7 42. Qc1 Qxd3 43.
Kg2 Qe2+ 44. Kh3 Qxf3 45. Qc6 Qxh5+ 46. Kg2 Qe2+ 47. Kh3 Qf1+ 48. Kg4 Qe2+ 49. Kf5 Qf3+ 50. Kg6 Qg4+ 51. Kh7 Qf5+ 52. Kg8 b3 53. Qa4+ Kb8 0-1

[Event "Late-Titled-Tuesday-Blitz-January-16-2024"]
[Site "Chess.com"]
[Date "2024.01.16"]
[Round "6"]
[White "SandwichOSaumon"]
[Black "IgorBjelobrk"]
[Result "1-0"]
[WhiteElo "2526"]
[BlackElo "2640"]
[TimeControl "180+1"]
[EndTime "15:04:53 PST"]
[Termination "SandwichOSaumon won by resignation"]

1. e4 e6 2. d4 d5 3. Nd2 c5 4.
exd5 exd5 5. Ngf3 Nc6 6. Bb5 cxd4 7. O-O Bd6 8. Nb3 Ne7 9. Nbxd4 O-O 10. h3 Bc7 11. c4 Nxd4 12. Qxd4 a6 13. Ba4 dxc4 14. Qc5 Bd6 15. Qd4 b5 16. Rd1 Nf5 17. Qe4 Ra7 18.
Bc2 Re8 19. Qd5 Be6 20. Qc6 Rd7 21. Bg5 f6 22. Re1 fxg5 23. Bxf5 Bxf5 24. Qd5+ Kh8 25.
Qxf5 h6 26. Rxe8+ Qxe8 27. Re1 Re7 28. Rd1 Be5 29. h4 Bf6 30. hxg5 hxg5 31. g3 Re6 32. Kg2 Qe7 33. Rh1+ Kg8 34. Qh7+ Kf7 35. Qf5 Rd6 36. Nxg5+ Ke8 37. Rh8+ Qf8 38. Rxf8+ Kxf8 39. Nh7+ Ke7 40. Nxf6 gxf6 41. Qe4+ Kd7 42. Qb7+ Ke6 43. Kf3 f5 44. Ke2 Ke5 45. Qe7+ Kd5 46. Qc7 Rc6 47. Qb7 Kc5 48. Kd2 b4 49. Kc2 a5 50. Qe7+ Kb5 51. Qf8 Rc5 52.
Qe8+ Kb6 53. Qd7 c3 54. bxc3 Rxc3+ 55. Kb2 Rc5 56. a4 Rc6 57. Qd5 Rc5 58. Qe6+ Kc7 59.
f3 Kb7 60. g4 fxg4 61. fxg4 Rc3 62. g5 Ra3 63. g6 Rg3 64. Qd7+ Kb8 65. g7 1-0

[Event "Late-Titled-Tuesday-Blitz-January-16-2024"]
[Site "Chess.com"]
[Date "2024.01.16"]
[Round "6"]
[White "Redzishchess"]
[Black "LUISMIGUELOV"]
[Result "1-0"]
[WhiteElo "2460"]
[BlackElo "2172"]
[TimeControl "180+1"]
[EndTime "15:04:53 PST"]
[Termination "Redzishchess won on time"]

1. d4 Nf6 2. Nc3 d5 3. Bg5 Ne4 4. Nxe4 dxe4 5. Qd2 Bf5 6. O-O-O c6 7. f3 exf3 8. gxf3 Nd7 9. e4 Bg6 10. Bc4 Qc7 11. Ne2 O-O-O 12. Qc3 h6 13. Bf4 Qb6 14. Be3 Qc7 15. Nf4 e5 16. Nxg6 fxg6 17. dxe5 Bc5 18. f4 Bxe3+ 19. Qxe3 Nb6 20. Bb3 g5 21. a4 gxf4 22.
Qxf4 Rhf8 23. Qe3 Rxd1+ 24. Rxd1 Qxe5 25. a5 Qxa5 26. Kb1 Qe5 27. Re1 Kc7 28. Qh3 Re8 29. Qg4 Re7 30. h3 Nd5 31. Bxd5 cxd5 32. Rd1 Qxe4 33.
Qg3+ Qe5 34. Qa3 a6 35. Qc5+ Kb8 36. Rxd5 Qe1+ 37. Ka2 Qe6 38. b3 Rc7 39. Rd8+ Rc8 40. Rxc8+ Qxc8 41. Qe5+ Qc7 42. Qe8+ Ka7 43. Qe3+ b6 44.
Kb2 Qf7 45. Kb1 a5 46. Qd4 Qf1+ 47. Kb2 Qf6 48. Qxf6 gxf6 49. c4 Ka6 50. Kc3 b5 51. c5 b4+ 52. Kc4 f5 53. Kd5 f4 54. c6 f3 55. Kd6 f2 56. c7 f1=Q 57. c8=Q+ Kb6 58. Qb8+ 1-0

[Event "Late-Titled-Tuesday-Blitz-January-16-2024"]
[Site "Chess.com"]
[Date "2024.01.16"]
[Round "6"]
[White "Msb2"]
[Black "Elsa167"]
[Result "1/2-1/2"]
[WhiteElo "3031"]
[BlackElo "2861"]
[TimeControl "180+1"]
[EndTime "15:04:54 PST"]
[Termination "Game drawn by repetition"]

1. d4 Nf6 2. c4 e6 3. Nc3 c5 4. d5 exd5 5. cxd5 d6 6. e4 g6 7. h3 Bg7 8. Nf3 O-O 9. Bd3 Re8 10. O-O Nbd7 11. Bf4 c4 12. Bc2 Nc5 13. Nd2 b5 14. Nxb5 Nfxe4 15. Nxc4 Ba6 16. Nbxd6 Nxd6 17. Nxd6 Re5 18. Bxe5 Bxe5 19. Ne4 Nxe4 20. Bxe4 Bxf1 21.
Qxf1 Bxb2 22. Rb1 Be5 23. g3 Bd6 24. Kg2 Qf6 25. Bf3 Re8 26. Re1 Rxe1 27. Qxe1 Kg7 28. h4 h5 29. Qe3 Qe7 30. Qd4+ Kg8 31. Qc4 Qc7 32. Qc6 Kg7 33. Kf1 Qe7 34. Qc4 Qf6 35.
Kg2 Qe7 36. Qd4+ Kg8 37. Be4 Bc5 38. Qd3 Qf6 39. Qe2 Qe5 40. Qf3 Kg7 41. Bc2 Qf6 42. Qe2 Qb2 43. Qc4 Bd6 44. Bb3 Qf6 45. Qe4 Qe7 46. Qxe7 Bxe7 47. Kf3 Bc5 48. Ke2 f5 49. Ba4 Kf6 50. Be8 Bd6 51. Kd3 Bc5 52. Ke2 Bd6 53. a4 a5 54. Kf3 Bc5 55. Kg2 Kg7 56. f3 Kf6 57. Kh3 Bd6 58. g4 fxg4+ 59. fxg4 hxg4+ 60. Kxg4 Be7 61. Kf4 Bd6+ 62. Kf3 Bc5 63. Ke4 Bf2 64.
h5 gxh5 65. Bxh5 Bc5 66. Kd3 Ke7 67. Kc4 Bb4 68. Kb5 Kd6 69. Bf3 Be1 70. Bh1 Bb4 71. Bg2 Be1 72. Bh1 Bb4 73. Bg2 Be1 74. Bh1 1/2-1/2

[Event "Late-Titled-Tuesday-Blitz-January-16-2024"]
[Site "Chess.com"]
[Date "2024.01.16"]
[Round "6"]
[White "Malev212"]
[Black "Hrant_ChessMood"]
[Result "0-1"]
[WhiteElo "2656"]
[BlackElo "2900"]
[TimeControl "180+1"]
[EndTime "15:04:56 PST"]
[Termination "Hrant_ChessMood won on time"]

1. e4 c6 2. d4 d5 3. exd5 cxd5 4. Bf4 Nf6 5. c3 Nc6 6. Bd3 Bg4 7. Nf3 e6 8. Nbd2 Bd6 9. Bxd6 Qxd6 10. O-O O-O 11. Re1 Rab8 12. Qc2 Bh5 13. Ne5 Rfc8 14. Qb1 b5 15. a3 a5 16. b4 Ne7 17. Re3 Bg6 18. Bxg6 hxg6 19. Nb3 axb4 20. axb4 Nd7 21. Nxd7 Qxd7 22.
Nc5 Qd6 23. Qd3 Ra8 24. Rae1 Nf5 25. Rh3 Ra2 26. Qf3 Rca8 27. g4 Ra1 28. Rxa1 Rxa1+ 29. Kg2 Nh6 30. Rg3 g5 31. h3 Ra2 32. Qe3 Qf4 33. Nd3 Qxe3 34. Rxe3 Kf8 35. Kg3 Ke7 36. h4 gxh4+ 37. Kxh4 Ra1 38. f3 Ng8 39. Kg5 Nf6 40. Ne5 Rg1 41. Kf4 Nh7 42. Rd3 Nf8 43. Ke3 f6 44.
Nc6+ Kd7 45. Na7 g5 46. Nxb5 Ng6 47. Rd2 Nf4 48. Rh2 Kc6 49. Na7+ Kb6 50. Nc8+ Kb5 51. Nd6+ Ka4 52. b5 Re1+ 53. Kd2 Rb1 54. Rh8 Kb3 0-1

[Event "Late-Titled-Tuesday-Blitz-January-16-2024"]
[Site "Chess.com"]
[Date "2024.01.16"]
[Round "6"]
[White "wild3000"]
[Black "Jarrahi2452"]
[Result "0-1"]
[WhiteElo "2391"]
[BlackElo "2629"]
[TimeControl "180+1"]
[EndTime "15:04:56 PST"]
[Termination "Jarrahi2452 won on time"]

1. d4 d5 2. Nf3 Nf6 3. e3 Bf5 4.
Be2 c6 5. O-O e6 6. b3 h6 7. Bb2 Bd6 8. c4 O-O 9. Nbd2 Nbd7 10. Ne5 a5 11. a3 Qb8 12. f4 Bxe5 13. fxe5 Ne4 14. Nxe4 Bxe4 15. Bd3 Bxd3 16. Qxd3 b5 17.
cxb5 cxb5 18. Rac1 Qb7 19. Rc2 Rac8 20. Rfc1 Rxc2 21.
Qxc2 Rb8 22. Qc7 a4 23. Qxb7 Rxb7 24. Rc8+ Kh7 25. bxa4 bxa4 26. Bc3 Nb6 27. Rc5 Nc4 28. Bb4 Nxe3 29. Rc3 Nf5 30. Rd3 Rc7 31. Bc5 Ne7 32.
Kf2 Kg6 33. Rg3+ Kh7 34. Ke2 g5 35. Rc3 Kg6 36. Kd3 Kf5 37. Rc2 Ng6 38. g3 h5 39.
Rb2 Nxe5+ 40. Kc3 Nd7 41. Rf2+ Kg6 42. Kb4 Nxc5 43. dxc5 f5 44. Rc2 e5 45. Kxa4 d4 46. Kb5 e4 47. Kb6 Rc8 48. Rc4 d3 49. Rd4 Re8 50. Rd6+ Kf7 51. c6 e3 52. Rd7+ Kf6 53. Rd6+ Kg7 54. Rd7+ Kf8 55. c7 e2 56. Rd8 e1=Q 57.
c8=Q Qb1+ 58. Ka5 Qe1+ 0-1